Map: Sito di ricerca JD-2

Players

ARMEDTIBO - Winner!

  • Race: Protoss Protoss
  • Spawn Location: 6:00

WeskeTerror - Winner!

  • Race: Protoss Protoss
  • Spawn Location: 7:00

Utopie - Winner!

  • Race: Terran Terran
  • League: Silver
  • Spawn Location: 7:00

Kusak - Winner!

  • Race: Terran Terran
  • Spawn Location: 6:00

Stuebler

  • Race: Terran Terran
  • Spawn Location: 12:00

Ghost

  • Race: Protoss Protoss
  • League: Platinum
  • Spawn Location: 3:00

Jhyrachy

  • Race: Zerg Zerg
  • League: Gold
  • Spawn Location: 1:00

Roko

  • Race: Protoss Protoss
  • Spawn Location: 12:00

VOD

Have the link to the VOD?

Description

Time

  • Played on: May 2, 2016, 11:58 a.m.
  • Length: 11:55
Show
View Real Time Build Order
Export as new Build Order

ARMEDTIBO Protoss - Winner!

Build Orders: Nexus First 

Get SALT Encoding   

  12  0:25  Probe (Chrono Boost)  
  13  0:48  Nexus  
  13  0:55  Probe (Chrono Boost), Pylon  
  14  1:41  Probe (Chrono Boost)  
  15  1:51  Probe (Chrono Boost)  
  16  2:02  Probe (Chrono Boost)  
  16  2:06  Nexus  
  18  2:08  Probe (Chrono Boost)  
  18  2:12  Probe (Chrono Boost)  
  19  2:19  Probe (Chrono Boost)  
  20  2:23  Probe (Chrono Boost)  
  22  2:37  Probe (Chrono Boost)  
  22  2:47  Probe (Chrono Boost)  
  23  2:55  Probe (Chrono Boost), Gateway  
  23  2:58  Assimilator, Probe (Chrono Boost)  
  25  3:00  Assimilator  
  25  3:03  Assimilator  
  25  3:06  Assimilator, Probe (Chrono Boost)  
  25  3:09  Probe (Chrono Boost)  
  27  3:16  Probe (Chrono Boost)  
  27  3:19  Probe (Chrono Boost)  
  29  3:24  Probe (Chrono Boost)  
  31  3:27  Probe (Chrono Boost)  
  31  3:35  Probe (Chrono Boost)  
  31  3:37  Probe (Chrono Boost)  
  31  3:40  Pylon  
  33  3:43  Pylon  
  33  3:45  Cybernetics Core, Probe (Chrono Boost)  
  33  3:48  Probe (Chrono Boost)  
  35  3:56  Probe (Chrono Boost)  
  35  3:58  Probe (Chrono Boost)  
  37  4:06  Probe (Chrono Boost)  
  37  4:07  Assimilator  
  37  4:09  Probe (Chrono Boost)  
  39  4:11  Probe (Chrono Boost)  
  39  4:12  Assimilator  
  41  4:17  Probe (Chrono Boost)  
  41  4:20  Probe (Chrono Boost)  
  41  4:21  Probe (Chrono Boost)  
  43  4:27  Stargate, Probe (Chrono Boost)  
  43  4:29  Stargate  
  43  4:30  Probe (Chrono Boost)  
  45  4:32  Probe (Chrono Boost)  
  45  4:34  Stargate  
  45  4:38  Probe (Chrono Boost)  
  47  4:41  Probe (Chrono Boost)  
  47  4:42  Probe (Chrono Boost)  
  49  4:48  Probe (Chrono Boost)  
  49  4:51  Probe (Chrono Boost)  
  51  4:53  Probe (Chrono Boost)  
  51  4:59  Probe (Chrono Boost)  
  53  5:02  Probe (Chrono Boost)  
  53  5:03  Probe (Chrono Boost)  
  55  5:08  Pylon  
  55  5:09  Probe (Chrono Boost)  
  56  5:14  Void Ray  
  56  5:16  Void Ray  
  56  5:18  Void Ray  
  68  5:38  Pylon  
  68  5:50  Cybernetics Core  
  68  5:52  Forge  
  68  5:56  Fleet Beacon  
  68  5:58  Twilight Council, Void Ray  
  68  6:00  Void Ray  
  68  6:03  Void Ray  
  80  6:44  Protoss Air Weapons Level 1, Protoss Air Armor Level 1  
  80  6:46  Protoss Shields Level 1  
  80  6:52  Pylon  
  80  6:53  Pylon  
  80  6:55  Pylon x2  
  80  6:57  Pylon  
  80  6:58  Void Ray, Pylon  
  80  7:01  Robotics Facility  
  84  7:10  Void Ray x2  
  92  7:34  Pylon  
  92  7:37  Pylon  
  92  7:41  Void Ray  
  96  7:53  Void Ray x2  
  104  8:11  Stargate  
  104  8:12  Stargate  
  104  8:17  Pylon  
  104  8:18  Pylon  
  104  8:19  Pylon  
  104  8:21  Pylon  
  104  8:22  Pylon  
  104  8:28  Void Ray  
  108  8:37  Void Ray  
  108  8:38  Void Ray  
  116  8:42  Protoss Air Weapons Level 2  
  116  8:48  Protoss Air Armor Level 2  
  116  9:00  Observer  
  117  9:11  Void Ray  
  117  9:14  Protoss Shields Level 2  
  121  9:21  Observer  
Show
View Real Time Build Order
Export as new Build Order

WeskeTerror Protoss - Winner!

Build Orders:  

Get SALT Encoding   

  12  0:02  Probe (Chrono Boost)  
  13  0:18  Pylon  
  13  0:20  Probe (Chrono Boost)  
  14  0:30  Probe (Chrono Boost)  
  15  0:41  Probe (Chrono Boost)  
  16  0:51  Probe (Chrono Boost)  
  17  1:02  Probe (Chrono Boost)  
  18  1:08  Nexus  
  18  1:13  Probe (Chrono Boost)  
  19  1:18  Pylon  
  19  1:27  Probe (Chrono Boost)  
  20  1:37  Probe (Chrono Boost)  
  21  1:45  Gateway  
  21  1:52  Probe (Chrono Boost)  
  22  2:02  Probe (Chrono Boost)  
  23  2:13  Probe (Chrono Boost)  
  24  2:21  Probe (Chrono Boost)  
  25  2:23  Probe (Chrono Boost)  
  26  2:31  Probe (Chrono Boost)  
  26  2:34  Probe (Chrono Boost)  
  28  2:38  Cybernetics Core  
  28  2:39  Pylon  
  28  2:42  Probe (Chrono Boost)  
  29  2:44  Probe (Chrono Boost), Pylon  
  30  2:52  Probe (Chrono Boost)  
  30  2:55  Nexus, Probe (Chrono Boost)  
  32  3:03  Probe (Chrono Boost), Pylon  
  34  3:05  Probe (Chrono Boost)  
  34  3:13  Probe (Chrono Boost)  
  34  3:16  Probe (Chrono Boost)  
  36  3:21  Assimilator  
  36  3:24  Probe (Chrono Boost)  
  36  3:26  Assimilator  
  36  3:27  Probe (Chrono Boost)  
  38  3:32  Assimilator  
  38  3:34  Probe (Chrono Boost)  
  38  3:37  Assimilator, Probe (Chrono Boost)  
  40  3:44  Assimilator  
  40  3:45  Probe (Chrono Boost)  
  40  3:48  Assimilator, Probe (Chrono Boost)  
  43  3:55  Probe (Chrono Boost)  
  43  3:58  Probe (Chrono Boost)  
  44  4:06  Probe (Chrono Boost)  
  44  4:07  Probe (Chrono Boost)  
  44  4:09  Probe (Chrono Boost)  
  47  4:17  Probe (Chrono Boost)  
  48  4:18  Probe (Chrono Boost)  
  48  4:19  Probe (Chrono Boost)  
  50  4:27  Probe (Chrono Boost)  
  50  4:28  Probe (Chrono Boost)  
  50  4:30  Probe (Chrono Boost)  
  53  4:38  Probe (Chrono Boost)  
  54  4:39  Probe (Chrono Boost)  
  54  4:40  Probe (Chrono Boost)  
  54  4:44  Protoss Air Weapons Level 1  
  56  4:48  Probe (Chrono Boost)  
  56  4:49  Probe (Chrono Boost)  
  56  4:50  Stargate  
  56  4:51  Stargate, Probe (Chrono Boost)  
  59  4:53  Pylon  
  59  4:57  Pylon  
  59  4:59  Probe (Chrono Boost), Pylon  
  60  5:00  Probe (Chrono Boost)  
  60  5:01  Probe (Chrono Boost), Pylon  
  62  5:07  Stargate  
  62  5:09  Probe (Chrono Boost)  
  62  5:11  Probe (Chrono Boost)  
  62  5:12  Probe (Chrono Boost), Stargate  
  65  5:20  Probe (Chrono Boost), Stargate  
  67  5:21  Probe (Chrono Boost)  
  67  5:22  Probe (Chrono Boost)  
  67  5:25  Cybernetics Core, Pylon  
  67  5:27  Pylon  
  68  5:28  Forge  
  68  5:30  Probe (Chrono Boost)  
  69  5:36  Twilight Council  
  69  5:48  Fleet Beacon  
  69  5:51  Probe (Chrono Boost)  
  69  5:55  Probe (Chrono Boost)  
  69  5:56  Probe (Chrono Boost)  
  72  5:58  Assimilator x2, Protoss Shields Level 1  
  72  6:01  Probe (Chrono Boost)  
  72  6:03  Protoss Air Armor Level 1 (Chrono Boost)  
  73  6:06  Probe x2 (Chrono Boost)  
  73  6:10  Pylon x2  
  73  6:11  Pylon  
  75  6:12  Probe (Chrono Boost), Pylon x2  
  75  6:13  Pylon  
  75  6:14  Pylon  
  75  6:15  Pylon x2  
  75  6:16  Probe (Chrono Boost), Pylon  
  75  6:17  Probe (Chrono Boost)  
  75  6:18  Pylon x3  
  78  6:19  Pylon  
  78  6:23  Probe (Chrono Boost)  
  79  6:27  Probe x2 (Chrono Boost)  
  81  6:33  Probe (Chrono Boost), Graviton Catapult  
  81  6:36  Carrier  
  81  6:37  Probe (Chrono Boost)  
  81  6:38  Probe (Chrono Boost)  
  90  6:41  Carrier  
  96  6:56  Carrier  
  96  7:00  Protoss Air Weapons Level 2 (Chrono Boost)  
  102  7:15  Carrier  
  108  7:30  Carrier  
  108  7:37  Protoss Shields Level 2  
  114  7:55  Protoss Air Armor Level 2 (Chrono Boost)  
  114  8:12  Carrier  
  120  8:24  Carrier  
  126  8:39  Nexus  
  126  8:43  Carrier  
  126  8:48  Carrier  
  138  9:05  Protoss Air Weapons Level 3 (Chrono Boost)  
  138  9:15  Carrier  
  144  9:37  Carrier  
  150  9:50  Carrier  
  156  10:09  Carrier  
  162  10:15  Carrier  
Show
View Real Time Build Order
Export as new Build Order

Utopie Terran - Winner!

Build Orders: 1/1/1 

Get SALT Encoding   

  12  0:01  SCV  
  13  0:13  SCV  
  14  0:19  Supply Depot  
  14  0:25  SCV  
  15  0:31  Refinery  
  15  0:43  Barracks  
  15  0:47  SCV  
  16  0:57  Refinery  
  16  1:04  SCV  
  17  1:16  SCV  
  18  1:34  Factory  
  18  1:36  Marine  
  18  1:37  Orbital Command  
  19  1:54  Marine  
  20  2:05  Engineering Bay  
  20  2:11  Supply Depot  
  20  2:12  SCV  
  21  2:26  Starport  
  21  2:33  Marine  
  21  2:35  Factory Tech Lab, SCV  
  23  2:43  Terran Infantry Armor Level 1  
  23  2:57  Siege Tank  
  26  2:59  Marine  
  26  3:03  Medivac  
  29  3:06  SCV  
  30  3:31  Missile Turret  
  30  3:44  Barracks Reactor  
  30  3:46  Starport Reactor  
  30  3:57  Supply Depot  
  30  4:18  Siege Tank  
  31  4:38  Marine x2  
  31  4:40  Medivac  
  31  4:41  Medivac  
  37  4:50  Terran Infantry Weapons Level 1  
  37  4:54  Supply Depot  
  37  4:59  Siege Tank  
  40  5:08  Missile Turret  
  40  5:15  Command Center  
  40  5:17  Marine x2  
  42  5:38  Marine x2  
  42  5:40  Siege Tank  
  47  5:43  Viking  
  49  5:50  Viking  
  39  7:19  Marine x2  
  39  7:21  Siege Tank  
  39  7:22  Medivac x2  
  48  7:24  SCV  
  48  7:26  Orbital Command  
  49  7:36  Marine, SCV, Barracks  
  49  7:37  Marine  
  51  7:39  Barracks  
  51  7:40  Barracks  
  52  7:52  Medivac x2  
  52  7:56  Armory, SCV  
  57  8:08  SCV  
  58  8:47  Barracks Reactor  
  58  8:48  Barracks Reactor x2  
  58  8:50  Siege Tank  
  58  8:52  Medivac  
  60  9:19  Marine  
  60  9:22  Siege Tank  
  60  9:24  SCV  
  65  9:29  Missile Turret  
  65  9:31  Supply Depot  
  65  9:36  Supply Depot, SCV  
  65  9:37  Orbital Command  
  66  9:44  Refinery  
  66  9:49  Refinery  
  66  9:51  Missile Turret  
  66  9:58  Marine x3  
  66  9:59  Marine x5  
  74  10:08  SCV  
  74  10:09  SCV  
  76  10:16  Missile Turret, Marine x5  
  81  10:38  Missile Turret  
Show
View Real Time Build Order
Export as new Build Order

Kusak Terran - Winner!

Build Orders: MMM Bio 

Get SALT Encoding   

  12  0:02  SCV  
  14  0:14  SCV  
  14  0:26  SCV  
  15  0:30  Refinery  
  15  0:33  Supply Depot  
  15  0:54  SCV  
  16  1:06  SCV  
  17  1:16  Barracks  
  17  1:19  SCV  
  18  1:31  SCV  
  19  1:51  Command Center  
  19  1:53  SCV  
  20  2:04  Marine  
  21  2:11  Orbital Command  
  21  2:25  Bunker  
  21  2:30  Factory  
  21  2:39  Bunker  
  20  2:46  SCV  
  21  2:52  Barracks Reactor  
  21  2:59  SCV  
  22  3:13  SCV  
  22  3:14  Refinery  
  23  3:20  Engineering Bay  
  23  3:23  Widow Mine  
  25  3:29  SCV  
  26  3:35  Orbital Command  
  26  3:41  Marine x2  
  28  3:49  SCV  
  29  3:55  Supply Depot  
  29  4:00  Terran Infantry Weapons Level 1  
  29  4:06  Missile Turret  
  29  4:11  SCV  
  29  4:16  Missile Turret, SCV  
  31  4:23  SCV  
  32  4:26  Widow Mine  
  32  4:27  Widow Mine  
  32  4:30  Missile Turret  
  36  4:32  Barracks Tech Lab  
  36  4:35  Barracks  
  36  4:42  SCV  
  37  4:48  SCV  
  38  4:56  SCV  
  38  4:58  Stimpack  
  39  5:02  Missile Turret  
  39  5:06  Widow Mine  
  39  5:07  Widow Mine  
  43  5:20  SCV  
  44  5:23  Marine x2  
  44  5:27  Starport  
  46  5:32  Supply Depot  
  46  5:37  Refinery  
  46  5:46  Engineering Bay  
  46  5:54  Barracks Reactor, SCV x2  
  48  6:06  Marine  
  48  6:09  Building Armor  
  49  6:14  Medivac  
  49  6:16  Armory  
  51  6:22  Terran Infantry Armor Level 1  
  51  6:24  Marauder  
  53  6:40  Refinery, Marine  
  53  6:41  Barracks  
  54  6:50  Factory Tech Lab  
  54  6:51  Barracks  
  54  7:13  Marauder, Marine x2, SCV  
  54  7:14  Siege Tank  
  62  7:16  Supply Depot  
  62  7:37  Marine x2  
  62  7:40  Supply Depot  
  62  7:42  Missile Turret  
  64  7:46  Siege Tank  
  64  7:50  Missile Turret, Marine  
  68  7:55  Marine  
  68  7:56  Marauder  
  70  8:02  SCV  
  71  8:09  Missile Turret  
  71  8:15  Marine x2  
  71  8:17  Marauder  
  71  8:18  Hellion  
  71  8:19  Missile Turret  
  77  8:20  SCV  
  77  8:21  Terran Infantry Armor Level 2, Terran Infantry Weapons Level 2  
  77  8:23  Missile Turret  
  77  8:25  Barracks Tech Lab  
  78  8:39  Supply Depot  
  78  8:40  Missile Turret  
  78  8:49  Siege Tank, Marine x2, SCV  
  78  8:50  Marauder  
  78  8:54  Terran Vehicle And Ship Armor Level 1  
  86  8:57  Starport Reactor  
  86  9:11  Marauder  
  86  9:16  SCV  
  89  9:17  Marine  
  89  9:18  Marauder  
  92  9:25  Missile Turret  
  92  9:32  Marauder  
  92  9:35  Command Center  
  94  9:47  Marine, Medivac  
  94  9:48  Marauder, Combat Shields  
  94  9:51  Supply Depot  
  99  9:54  Marauder  
  101  10:00  Marine  
  102  10:13  Siege Tank, Marauder, SCV  
  108  10:17  Supply Depot  
  108  10:39  Marine x2  
  108  10:40  Supply Depot  
  93  10:52  Marine x2  
  86  11:02  Marine x2  
  86  11:11  Marine  
  86  11:12  Marauder  
  86  11:17  Planetary Fortress  
  89  11:21  Missile Turret  
  89  11:27  Marine  
  89  11:29  Marauder  
  89  11:32  Missile Turret  
  96  11:41  SCV  
Show
View Real Time Build Order
Export as new Build Order

Stuebler Terran 

Build Orders:  

Get SALT Encoding   

  12  0:02  SCV  
  13  0:14  SCV  
  14  0:24  Supply Depot  
  14  0:26  SCV  
  15  0:37  Refinery  
  15  0:48  SCV, Barracks  
  16  1:00  SCV  
  16  1:01  Refinery  
  17  1:13  SCV  
  18  1:25  SCV  
  19  1:37  Supply Depot, SCV  
  20  1:45  Barracks Tech Lab  
  20  1:49  SCV  
  21  1:59  Barracks  
  22  2:01  SCV  
  22  2:06  Factory  
  22  2:13  SCV  
  23  2:20  Ghost Academy  
  23  2:41  Supply Depot  
  23  2:46  Supply Depot  
  23  2:48  Barracks  
  23  2:49  Barracks Tech Lab  
  23  3:04  Personal Cloaking  
  23  3:19  Ghost  
  25  3:33  Ghost  
  27  3:37  Supply Depot  
  27  3:57  Ghost  
  27  4:00  Barracks Tech Lab, Engineering Bay  
  23  4:37  SCV  
  24  4:49  SCV  
  25  5:01  SCV  
  26  5:13  SCV  
  27  5:25  SCV  
  28  5:30  Terran Infantry Weapons Level 1, Command Center  
  28  5:34  Ghost  
  30  5:46  Nuke  
  30  5:53  Ghost Academy  
  30  6:04  Ghost  
  32  6:46  SCV  
  33  6:49  Nuke  
  33  6:57  Ghost  
  33  6:58  SCV  
  36  7:10  SCV  
  38  7:22  SCV  
  38  7:28  Ghost x2  
  42  7:31  Terran Infantry Armor Level 1  
  42  7:34  SCV  
  43  7:47  SCV  
  43  7:50  Ghost  
  46  7:59  SCV, Supply Depot x2  
  46  8:03  Supply Depot  
  47  8:11  SCV  
  48  8:17  Orbital Command  
  48  8:23  SCV  
  49  8:35  SCV  
  50  8:52  Refinery  
  50  8:53  Refinery  
  50  9:21  Armory  
  50  9:25  Ghost x3  
  50  9:27  Ghost Academy  
  56  9:53  Ghost x2  
  56  9:54  Ghost  
  62  10:22  Ghost x3  
  36  11:26  Barracks x2  
  36  11:28  Barracks  
  36  11:31  Barracks  
Show
View Real Time Build Order
Export as new Build Order

Ghost Protoss 

Build Orders:  

Get SALT Encoding   

  12  0:03  Probe (Chrono Boost)  
  13  0:38  Probe (Chrono Boost)  
  13  0:41  Pylon  
  14  1:04  Probe (Chrono Boost)  
  14  1:07  Gateway  
  14  1:10  Assimilator  
  15  1:15  Probe (Chrono Boost)  
  17  1:25  Probe (Chrono Boost)  
  17  1:29  Nexus  
  17  1:36  Probe (Chrono Boost)  
  17  2:06  Probe (Chrono Boost)  
  18  2:08  Cybernetics Core  
  18  2:13  Assimilator  
  18  2:16  Pylon  
  18  2:36  Probe (Chrono Boost)  
  19  2:58  Probe (Chrono Boost)  
  20  3:04  Probe (Chrono Boost)  
  21  3:08  Probe (Chrono Boost)  
  22  3:34  Probe (Chrono Boost)  
  23  3:37  Assimilator  
  23  3:40  Probe (Chrono Boost)  
  24  3:43  Assimilator  
  24  3:44  Probe (Chrono Boost)  
  24  3:45  Gateway  
  24  3:46  Gateway, Warp Gate  
  25  3:49  Robotics Facility  
  25  3:51  Robotics Facility  
  25  3:54  Probe (Chrono Boost)  
  25  3:55  Pylon  
  26  4:00  Probe (Chrono Boost)  
  27  4:35  Probe (Chrono Boost)  
  27  4:36  Probe (Chrono Boost)  
  29  4:40  Pylon  
  29  4:44  Robotics Bay  
  29  4:48  Twilight Council  
  29  4:52  Probe x2 (Chrono Boost)  
  31  5:26  Probe (Chrono Boost)  
  31  5:27  Probe (Chrono Boost)  
  33  5:31  Disruptor x2  
  39  5:37  Probe x2 (Chrono Boost)  
  41  5:47  Probe (Chrono Boost)  
  41  5:48  Probe (Chrono Boost)  
  43  6:15  Probe x2 (Chrono Boost)  
  43  6:26  Probe x2 (Chrono Boost)  
  43  6:30  Stalker x2  
  43  6:31  Stalker  
  49  6:33  Disruptor  
  52  6:44  Probe (Chrono Boost)  
  52  6:45  Probe (Chrono Boost)  
  54  7:08  Blink  
  54  7:27  Pylon  
  54  7:29  Pylon  
  54  7:31  Pylon  
  54  7:32  Pylon  
  54  7:44  Disruptor x2  
  54  7:45  Probe x2 (Chrono Boost)  
  62  8:08  Probe x2 (Chrono Boost)  
  62  8:10  Stalker x3  
  70  8:20  Nexus, Disruptor  
  70  8:23  Pylon  
  70  8:26  Pylon  
  73  8:27  Disruptor  
  73  8:28  Pylon  
  76  8:56  Disruptor  
  76  9:01  Stalker x3  
  85  9:03  Disruptor  
  94  9:46  Stalker x3  
Show
View Real Time Build Order
Export as new Build Order

Jhyrachy Zerg 

Build Orders: Hatch First 

Get SALT Encoding   

  12  0:02  Drone  
  13  0:10  Drone  
  14  0:38  Hatchery  
  14  0:40  Drone  
  14  0:46  Extractor  
  14  0:48  Extractor, Drone  
  14  0:49  Drone  
  14  0:56  Overlord  
  16  1:31  Drone  
  16  1:32  Spawning Pool, Drone  
  17  1:35  Extractor  
  16  1:43  Drone  
  16  1:44  Drone  
  18  1:50  Drone  
  18  1:54  Drone  
  20  2:04  Drone  
  20  2:07  Overlord  
  21  2:23  Queen  
  21  2:25  Queen  
  21  2:29  Drone x3  
  29  2:30  Drone  
  29  2:39  Metabolic Boost  
  29  2:57  Drone  
  29  2:58  Drone x5  
  35  3:03  Extractor  
  34  3:12  Drone  
  35  3:17  Extractor  
  35  3:18  Lair  
  35  3:19  Extractor  
  33  3:35  Drone x3  
  36  3:45  Overlord x3  
  36  3:56  Evolution Chamber  
  36  3:58  Evolution Chamber  
  34  4:08  Drone x3  
  34  4:09  Drone x2  
  39  4:10  Drone  
  39  4:11  Drone x3  
  43  4:22  Zerg Melee Weapons Level 1  
  43  4:24  Zerg Ground Armor Level 1  
  43  4:28  Zergling x10  
  48  4:40  Drone x2  
  48  4:41  Drone x2  
  52  4:48  Queen  
  54  5:17  Drone  
  54  5:20  Drone  
  56  5:25  Infestation Pit  
  55  5:53  Hatchery  
  45  8:37  Zerg Ground Armor Level 2, Zerg Melee Weapons Level 2  
  45  8:50  Hive  
  45  9:31  Pathogen Glands  
  45  9:33  Overlord x3  
  45  9:34  Overlord x4  
  45  9:35  Overlord  
  45  9:39  Hatchery  
  44  10:12  Ultralisk Cavern  
  43  10:29  Infestor x3  
  43  10:30  Infestor  
  45  11:46  Spore Crawler  
Show
View Real Time Build Order
Export as new Build Order

Roko Protoss 

Build Orders: 1 Gate Expand 

Get SALT Encoding   

  12  0:02  Probe (Chrono Boost)  
  13  0:13  Probe (Chrono Boost)  
  14  0:21  Pylon  
  14  0:23  Probe (Chrono Boost)  
  15  0:39  Probe (Chrono Boost)  
  16  0:43  Gateway  
  17  0:50  Probe (Chrono Boost), Pylon  
  17  1:00  Probe (Chrono Boost)  
  18  1:22  Nexus  
  18  1:24  Probe (Chrono Boost)  
  19  1:31  Assimilator  
  19  1:39  Cybernetics Core  
  19  1:44  Assimilator  
  19  1:45  Probe (Chrono Boost)  
  20  2:06  Forge  
  20  2:18  Probe (Chrono Boost)  
  20  2:21  Warp Gate (Chrono Boost)  
  22  2:30  Probe (Chrono Boost)  
  22  2:34  Probe (Chrono Boost)  
  23  2:40  Probe (Chrono Boost)  
  23  2:43  Pylon, Stalker  
  26  2:45  Probe (Chrono Boost)  
  26  2:51  Probe (Chrono Boost)  
  28  2:55  Probe (Chrono Boost)  
  29  3:01  Mothership Core (Chrono Boost)  
  29  3:05  Probe (Chrono Boost)  
  31  3:09  Pylon  
  31  3:12  Photon Cannon  
  32  3:15  Probe  
  33  3:22  Probe  
  33  3:25  Probe  
  34  3:34  Photon Cannon  
  35  3:36  Probe  
  36  3:41  Twilight Council  
  36  3:46  Probe, Gateway  
  37  3:52  Probe, Gateway  
  38  3:57  Probe  
  39  4:03  Assimilator  
  39  4:04  Probe  
  39  4:08  Assimilator  
  40  4:12  Probe  
  40  4:16  Probe  
  42  4:23  Probe  
  42  4:24  Dark Shrine  
  42  4:28  Probe  
  44  4:34  Pylon  
  44  4:39  Stalker  
  46  4:46  Pylon  
  46  4:49  Pylon  
  46  4:50  Probe  
  46  4:52  Pylon  
  47  4:54  Stalker x2  
  51  5:01  Probe  
  51  5:02  Photon Cannon  
  52  5:11  Probe  
  53  5:16  Stalker  
  53  5:19  Stalker x2  
  59  5:24  Gateway  
  59  5:26  Gateway  
  59  5:30  Blink (Chrono Boost)  
  59  5:32  Probe  
  60  5:43  Probe  
  60  5:47  Dark Templar x3  
  67  5:53  Probe, Gateway  
  68  5:58  Protoss Ground Weapons Level 1  
  68  6:04  Probe  
  69  6:20  Nexus  
  69  6:26  Stalker x2  
  69  6:27  Stalker  
  75  6:59  Pylon  
  75  7:02  Pylon, Stalker  
  75  7:03  Stalker x2  
  81  7:13  Forge  
  81  7:16  Robotics Facility  
  81  7:17  Stalker x3  
  87  7:27  Stalker  
  87  7:28  Stalker x2  
  93  7:32  Photon Cannon  
  93  7:36  Photon Cannon  
  93  7:40  Photon Cannon  
  87  8:20  Stalker x3  
  87  8:21  Stalker x3  
  87  8:22  Probe  
  100  8:29  Observer  
  100  8:33  Probe  
  100  8:34  Protoss Ground Weapons Level 2, Robotics Bay  
  101  8:36  Protoss Ground Armor Level 1  
  102  8:43  Probe  
  102  8:45  Pylon  
  102  8:47  Assimilator  
  103  8:49  Assimilator  
  103  8:54  Probe  
  104  9:04  Probe  
  104  9:05  Stalker x4  
  104  9:06  Stalker x2  
  117  9:15  Probe, Pylon  
  118  9:19  Photon Cannon  
  118  9:25  Probe  
  119  9:36  Probe  
  120  9:43  Archon  
  120  9:45  Dark Templar  
  120  9:46  Probe  
  120  9:47  Stalker x5  
  133  9:57  Probe  
  134  10:08  Probe  
  104  10:54  Stalker x2  
  104  10:55  Stalker x4  
  64  11:23  Dark Templar x5  
  64  11:24  Dark Templar  
Tags
 
Add a new tag
Caveats
  • Supply blocks, unpowered buildings, or Contaminate may cause inaccurate times.
  • Supply counts are checked every 10 seconds.